 Dungeon Crawl Stone Soup version 0.29.1-1-gd02db6906a (webtiles) character file.

Game seed: 14199304196926436724

793 dave1331 the Cleaver (level 7, -3/61 HPs)
             Began as a Hill Orc Fighter on Oct 2, 2022.
             Slain by an ogre
             ... wielding a +0 giant spiked club
              (11 damage)
             ... on level 5 of the Dungeon.
             The game lasted 00:06:58 (2584 turns).

dave1331 the Cleaver (Hill Orc Fighter)             Turns: 2584, Time: 00:06:59

Health: -3/61      AC:  8    Str: 21    XL:     7   Next: 88%
Magic:  7/7        EV:  9    Int:  8    God:
Gold:   224        SH:  4    Dex: 10    Spells: 6/6 levels left

rFire   . . .      SeeInvis .   a - +0 war axe
rCold   . . .      Faith    .   c - +0 buckler
rNeg    . . .      Spirit   .   b - +0 scale mail
rPois   .          Reflect  .   (no helmet)
rElec   .          Harm     .   (no cloak)
rCorr   .          Rampage  .   g - +0 pair of gloves
Will    .....                   (no boots)
Stlth   ..........              f - amulet of regeneration
HPRegen 1.00/turn               (no ring)
MPRegen 0.10/turn               (no ring)

@: no status effects
A: no striking features
a: no special abilities


You were on level 5 of the Dungeon.
You visited 1 branch of the dungeon, and saw 5 of its levels.

You collected 224 gold pieces.

Inventory:

Hand Weapons
 a - a +0 war axe (weapon)
Armour
 b - a +0 scale mail (worn)
 c - a +0 buckler (worn)
 g - a +0 pair of gloves (worn)
Jewellery
 f - an amulet of regeneration (around neck)
 k - a ring of ice
 x - a ring of magical power
Scrolls
 e - a scroll of enchant weapon {unknown}
 h - 2 scrolls of teleportation {unknown}
 j - a scroll of blinking {unknown}
 l - a scroll of magic mapping {unknown}
 n - 3 scrolls of identify {unknown}
 o - 2 scrolls of enchant armour {unknown}
 r - a scroll of immolation {unknown}
 t - a scroll of vulnerability {unknown}
 u - a scroll of acquirement {unknown}
 v - a scroll of butterflies {unknown}
Potions
 d - a potion of might
 i - 4 potions of attraction {unknown}
 m - a potion of heal wounds {unknown}
 p - 2 potions of haste {unknown}
 q - a potion of berserk rage {unknown}
 s - a potion of mutation {unknown}
 w - a potion of curing {unknown}


   Skills:
 + Level 5.2 Fighting
 + Level 8.1 Axes
 + Level 5.2 Armour
 + Level 1.3 Dodging
 + Level 0.6 Stealth
 + Level 4.4 Shields


You had 6 spell levels left.
You didn't know any spells.
Your spell library contained the following spells:

 Spells                   Type           Power      Damage    Failure   Level
 Fulminant Prism          Conj/Hex       0%         3d6       100%        4
 Iskenderun's Mystic Bla  Conj/Tloc      0%         2d3       100%        4
 Lee's Rapid Deconstruct  Erth           0%         3d5*      100%        5


Dungeon Overview and Level Annotations

Branches:
Dungeon (6/15)             Temple (0/1) D:5

Altars:
Dithmenos
Kikubaaqudgha
Makhleb
The Shining One


Message History

a +0 flail; a gnoll corpse The howler monkey attacks as you move away!
The howler monkey hits you but does no damage.
You block the howler monkey's attack.
Things that are here:
a +0 whip; a gnoll corpse A howler monkey is nearby!
The howler monkey hoots and howls with incredible vigour!
You hear a shout!
You closely miss the howler monkey. The howler monkey hits you.
The howler monkey barely misses you.
You slash the howler monkey!
The howler monkey is heavily wounded.
The howler monkey hits you but does no damage.
You closely miss the howler monkey.
The howler monkey is heavily wounded.
The howler monkey hits you but does no damage.
You barely miss the howler monkey.
The howler monkey is heavily wounded.
The howler monkey hits you. x2
* * * LOW HITPOINT WARNING * * *
You hit the howler monkey but do no damage.
The howler monkey is heavily wounded.
The howler monkey hits you but does no damage.
You hit the howler monkey.
The howler monkey is heavily wounded.
The howler monkey hoots and howls with incredible vigour!
The howler monkey hits you.
* * * LOW HITPOINT WARNING * * *
You slash the howler monkey!
You kill the howler monkey!
You start resting.
An ogre comes into view. It is wielding a +0 giant spiked club.
The ogre shouts!
The ogre hits you with a +0 giant spiked club!!
* * * LOW HITPOINT WARNING * * *
You slash the ogre!
The ogre is moderately wounded.
The ogre hits you with a +0 giant spiked club!
You die...

.##
############))##...###.###
.# #..)).........### .#
#..##.#.......... .#
#..###.#..)##... .# #..#
#..#†.# # .# #######..#
#...#.... .#
.........###....#..#.. .#
....###O...#.##..##.. .#
#.#.###@##...# ..# ..# .#
........# #..... ... ##
#.#.##### #....# .. ..
..#. #.. ..


You could see an ogre.

Vanquished Creatures
  A water moccasin (D:5)
  An ice beast (D:5)
  2 necrophages (D:5)
  3 scorpions (D:5)
  A howler monkey (D:5)
  2 hounds
  A gnoll bouda (D:5)
  2 adders (D:2)
  8 gnolls
  A white imp (D:3)
  A dart slug (D:1)
  An orc (D:5)
  3 bats
  7 endoplasms
  6 giant cockroaches
  5 goblins
  5 hobgoblins
  3 jackals (D:1)
  7 kobolds
  A quokka (D:2)
  7 ball pythons
  5 frilled lizards (D:1)
  8 rats
  A butterfly (D:5)
82 creatures vanquished.

Notes
Turn   | Place    | Note
-------+----------+-------------------------------------------
     0 | D:1      | dave1331 the Hill Orc Fighter began the quest for the Orb.
     0 | D:1      | Reached XP level 1. HP: 19/19 MP: 1/1
   126 | D:1      | Reached XP level 2. HP: 27/27 MP: 2/2
   237 | D:1      | Reached skill level 3 in Axes
   330 | D:1      | Reached XP level 3. HP: 33/33 MP: 3/3
   741 | D:1      | Found a faded altar of an unknown god.
   977 | D:2      | Reached skill level 4 in Axes
   977 | D:2      | Reached XP level 4. HP: 40/40 MP: 4/4
  1362 | D:2      | Reached XP level 5. HP: 46/46 MP: 5/5
  1795 | D:3      | Reached skill level 5 in Axes
  2033 | D:3      | Found a shadowy altar of Dithmenos.
  2035 | D:3      | Found a glowing golden altar of the Shining One.
  2036 | D:3      | Found a burning altar of Makhleb.
  2038 | D:3      | Found an ancient bone altar of Kikubaaqudgha.
  2065 | D:3      | You fall into a shaft and drop 3 floors!
  2080 | D:5      | Entered Level 5 of the Dungeon
  2080 | D:5      | Found a staircase to the Ecumenical Temple.
  2108 | D:5      | Reached skill level 6 in Axes
  2108 | D:5      | Reached XP level 6. HP: 52/53 MP: 6/6
  2227 | D:5      | Noticed a water moccasin
  2233 | D:5      | Noticed an ice beast
  2239 | D:5      | Killed a water moccasin
  2240 | D:5      | Reached skill level 1 in Dodging
  2240 | D:5      | Reached XP level 7. HP: 20/60 MP: 7/7
  2253 | D:5      | Reached skill level 7 in Axes
  2323 | D:5      | Reached skill level 5 in Fighting
  2387 | D:5      | Reached skill level 5 in Armour
  2547 | D:5      | Reached skill level 8 in Axes
  2584 | D:5      | Slain by an ogre

Illustrated notes

Levels and vault maps discovered:
D:1:      shiori_arrival_oz, layout_loops_ring,
          shapermc_ecumenical_altar_mp_vishouse, minmay_pentomino_v4
D:2:      layout_basic, kennysheep_doodads, minmay_misc_feat_encased
D:3:      layout_loops_corners, minitemple
D:5:      layout_basic, minmay_temple_entry_butterflies, serial_glass,
          glass_columns_a, glass_columns_b, glass_columns_a, glass_columns_a,
          glass_columns_b, glass_columns_a, glass_columns_b, glass_columns_a,
          hangedman_abyss_or_decor_slice, grunt_decor_resistance, minivault_26
D:6:      layout_basic, nzn_overflow_gifts_of_might_and_magic

Skill      XL: |  1  2  3  4  5  6  7 |
---------------+----------------------+-----
Axes           | 3 4 6 8 |  8.1
Fighting       | 4 5 |  5.2
Armour         | 4 5 |  5.2
Shields        | 4 |  4.4
Dodging        | 1 |  1.3
Stealth        | |  0.6

Action                   |  1- 3 |  4- 6 |  7- 9 || total
-------------------------+-------+-------+-------++-------
Melee: War axe           |   101 |   107 |    48 ||   256
Armor: Scale mail        |    63 |    58 |    33 ||   154
Dodge: Dodged            |    54 |    57 |    29 ||   140
Block: Buckler           |    19 |    27 |    16 ||    62
